MLB
SAN DIEGO PADRES @ TORONTO BLUE JAYS
05/22/2025
 
TOP OF THE 1ST
San Diego Padres batting - Pitching for Toronto Blue Jays : RHP Robert Stephenson
Pitching: RHP Robert Stephenson
Batting: LHB Jeff Young 0-0: Ball
1-0: Called Strike
1-1: Fly out, F7 (Flyball, 7LM, EV 94.4 MPH)
Batting: RHB Greg Nelson 0-0: Ball
1-0: Ground out 5-3 (Groundball, 15, EV 76.9 MPH)
Batting: LHB Jamal Underwood 0-0: Foul Ball, location: 9LSFF
0-1: Swinging Strike
0-2: Strikes out swinging
Top of the 1st over - 0 runs, 0 hits, 0 errors, 0 left on base; San Diego 0 - Toronto 0
BOTTOM OF THE 1ST
Toronto Blue Jays batting - Pitching for San Diego Padres : RHP Walker Lockett
Pitching: RHP Walker Lockett
Batting: LHB Nick Gordon 0-0: Called Strike
0-1: Swinging Strike
0-2: Ball
1-2: Foul Ball, location: 3FF
1-2: Strikes out swinging
Batting: LHB António Chávez 0-0: Ball
1-0: Ball
2-0: Foul Ball, location: 3SF
2-1: Foul Ball, location: 5SF
2-2: Foul Ball, location: 2F
2-2: Strikes out swinging
Batting: LHB Álex Guiñónes 0-0: Ball
1-0: Fly out, F5 (Popup, 56, EV 57.5 MPH)
Bottom of the 1st over - 0 runs, 0 hits, 0 errors, 0 left on base; San Diego 0 - Toronto 0
TOP OF THE 2ND
San Diego Padres batting - Pitching for Toronto Blue Jays : RHP Robert Stephenson
Batting: SHB Tim McDaniel 0-0: Ball
1-0: SINGLE (Groundball, 3S, EV 73.1 MPH) (infield hit)
Batting: RHB Mike Hollingsworth 0-0: Foul Ball, location: 25F
0-1: Foul Ball, location: 25FF
0-2: Ball
1-2: Strikes out swinging
Batting: RHB Shawn Grimes 0-0: Ball
1-0: Ball
2-0: Grounds into double play, 4-6-3 (Groundball, 34S, EV 86.9 MPH)
Top of the 2nd over - 0 runs, 1 hit, 0 errors, 0 left on base; San Diego 0 - Toronto 0
BOTTOM OF THE 2ND
Toronto Blue Jays batting - Pitching for San Diego Padres : RHP Walker Lockett
Batting: RHB Anthony Rendon 0-0: Ball
1-0: Ball
2-0: Foul Ball, location: 9LMF
2-1: Called Strike
2-2: Strikes out swinging
Batting: LHB Alfredo Salinas 0-0: Called Strike
0-1: Fly out, F5 (Popup, 56S, EV 83.1 MPH)
Batting: SHB Maake Arnold 0-0: Ground out U3 (Groundball, 34, EV 100.0 MPH)
Bottom of the 2nd over - 0 runs, 0 hits, 0 errors, 0 left on base; San Diego 0 - Toronto 0
TOP OF THE 3RD
San Diego Padres batting - Pitching for Toronto Blue Jays : RHP Robert Stephenson
Batting: LHB Jonathan Arauz 0-0: Foul Ball, location: 7LDF
0-1: Foul Ball, location: 2F
0-2: Ball
1-2: Foul Ball, location: 5F
1-2: Fly out, F8 (Flyball, 8RD, EV 99.4 MPH)
Batting: RHB Steve Farrar 0-0: SINGLE (Groundball, 34D, EV 94.4 MPH)
Batting: RHB Jorge Gordon 0-0: Ball
1-0: Foul Ball, location: 23F
1-1: Swinging Strike
1-2: Ball
2-2: Strikes out swinging
Batting: LHB Jeff Young 0-0: Fly out, F8 (Flyball, 8RD, EV 106.3 MPH)
Top of the 3rd over - 0 runs, 1 hit, 0 errors, 1 left on base; San Diego 0 - Toronto 0
BOTTOM OF THE 3RD
Toronto Blue Jays batting - Pitching for San Diego Padres : RHP Walker Lockett
Batting: LHB Robbie Miller 0-0: Ball
1-0: Ball
2-0: Called Strike
2-1: Swinging Strike
2-2: Strikes out swinging
Batting: LHB Rob Holt 0-0: Fly out, F7 (Flyball, 7LSF, EV 90.0 MPH)
Batting: SHB Yasmani Grandal 0-0: Called Strike
0-1: Ball
1-1: Ball
2-1: Ball
3-1: Foul Ball, location: 2F
3-2: Foul Ball, location: 7LMF
3-2: Base on Balls
Batting: LHB Nick Gordon 0-0: Called Strike
0-1: SINGLE (Line Drive, 8RS, EV 94.4 MPH)
Yasmani Grandal to second
Runner from 2nd tries for 3rd, SAFE, throw by CF made to third
Batting: LHB António Chávez 0-0: Called Strike
0-1: Ball
1-1: Swinging Strike
1-2: SINGLE (Line Drive, 4D, EV 96.3 MPH)
Yasmani Grandal scores
Nick Gordon to second
Batting: LHB Álex Guiñónes 0-0: Called Strike
0-1: Swinging Strike
0-2: Ball
1-2: Ball
2-2: Ball
3-2: Ground out 6-3 (Groundball, 6, EV 108.8 MPH)
Bottom of the 3rd over - 1 run, 2 hits, 0 errors, 2 left on base; San Diego 0 - Toronto 1
TOP OF THE 4TH
San Diego Padres batting - Pitching for Toronto Blue Jays : RHP Robert Stephenson
Batting: RHB Greg Nelson 0-0: Called Strike
0-1: Foul Ball, location: 5DF
0-2: Ground out 4-3 (Groundball, 13, EV 87.5 MPH)
Batting: LHB Jamal Underwood 0-0: Ball
1-0: Called Strike
1-1: Ball
2-1: Swinging Strike
2-2: Ball
3-2: Foul Ball, location: 3FF
3-2: Strikes out swinging
Batting: SHB Tim McDaniel 0-0: Ball
1-0: Foul Ball, location: 25F
1-1: Called Strike
1-2: Strikes out looking
Top of the 4th over - 0 runs, 0 hits, 0 errors, 0 left on base; San Diego 0 - Toronto 1
BOTTOM OF THE 4TH
Toronto Blue Jays batting - Pitching for San Diego Padres : RHP Walker Lockett
Batting: RHB Anthony Rendon 0-0: Called Strike
0-1: Foul Ball, location: 2F
0-2: Ball
1-2: Ball
2-2: Foul Ball, location: 3SF
2-2: Foul Ball, location: 2LF
2-2: Ball
3-2: SINGLE (Flyball, 5D, EV 89.4 MPH)
Batting: LHB Alfredo Salinas 0-0: Called Strike
0-1: SINGLE (Line Drive, 4M, EV 98.8 MPH)
Anthony Rendon to second
Batting: SHB Maake Arnold 0-0: Called Strike
0-1: Ball
1-1: Ball
2-1: SINGLE (Line Drive, 6D, EV 96.9 MPH)
Anthony Rendon to third
Alfredo Salinas to second
Batting: LHB Robbie Miller 0-0: Ball
1-0: Ball
2-0: GRAND SLAM HOME RUN (Flyball, 9LD, EV 90.0 MPH), Distance : 338 ft
Pitching: RHP David Robertson
Batting: LHB Rob Holt 0-0: Ball
1-0: Fly out, F7 (Flyball, 7S, EV 71.9 MPH)
Batting: SHB Yasmani Grandal 0-0: Swinging Strike
0-1: Ball
1-1: Ball
2-1: Ball
3-1: Called Strike
3-2: Foul Ball, location: 3F
3-2: SINGLE (Flyball, 8LS, EV 92.5 MPH)
Batting: LHB Nick Gordon 0-0: Ball
1-0: Ball
2-0: Foul Ball, location: 2F
2-1: Foul Ball, location: 2F
2-2: Ball
3-2: Fielders Choice at 2nd, 4-6 (Groundball, 34, EV 92.5 MPH)
Pitching: RHP Henry Hirsch
Batting: LHB António Chávez 0-0: Ground out 1-3 (Groundball, 34S, EV 75.0 MPH)
Bottom of the 4th over - 4 runs, 5 hits, 0 errors, 1 left on base; San Diego 0 - Toronto 5
TOP OF THE 5TH
San Diego Padres batting - Pitching for Toronto Blue Jays : RHP Robert Stephenson
Batting: RHB Mike Hollingsworth 0-0: Ball
1-0: Called Strike
1-1: Foul Ball, location: 2F
1-2: SINGLE (Line Drive, 89S, EV 105.6 MPH)
Batting: RHB Shawn Grimes 0-0: Called Strike
0-1: Ball
1-1: Foul Ball, location: 5FF
1-2: Strikes out swinging
Batting: LHB Jonathan Arauz 0-0: Swinging Strike
0-1: SINGLE (Groundball, 6MS, EV 70.6 MPH) (infield hit)
Mike Hollingsworth to second
Batting: RHB Steve Farrar 0-0: Ball
1-0: Foul Ball, location: 2F
1-1: Fly out, F7 (Line Drive, 7, EV 88.1 MPH)
Batting: RHB Jorge Gordon 0-0: Foul Ball, location: 2F
0-1: SINGLE (Line Drive, 8RS, EV 105.0 MPH)
Mike Hollingsworth to third
Jonathan Arauz to second
Runner from 3rd tries for Home, SAFE, throw by CF to home
Batting: LHB Jeff Young 0-0: Called Strike
0-1: Called Strike
0-2: Strikes out swinging, 2-3 out at first.
Top of the 5th over - 1 run, 3 hits, 0 errors, 2 left on base; San Diego 1 - Toronto 5
BOTTOM OF THE 5TH
Toronto Blue Jays batting - Pitching for San Diego Padres : RHP Henry Hirsch
Pitching: LHP Jake McGee
Batting: LHB Álex Guiñónes 0-0: Ball
1-0: Foul Ball, location: 2RF
1-1: Foul Ball, location: 23FF
1-2: SINGLE (Groundball, 56, EV 92.5 MPH) (infield hit)
Batting: RHB Anthony Rendon 0-0: Fielders Choice at 2nd, 6-4 (Groundball, 56, EV 83.8 MPH)
Batting: LHB Alfredo Salinas 0-0: Called Strike
0-1: Ball
1-1: Ball
2-1: Foul Ball, location: 2F
2-2: SINGLE (Groundball, 4MD, EV 100.0 MPH)
Anthony Rendon to second
Batting: SHB Maake Arnold 0-0: Ball
1-0: Foul Ball, location: 2F
1-1: Foul Ball, location: 3FF
1-2: Ball
2-2: Strikes out swinging
Batting: LHB Robbie Miller 0-0: Ball
1-0: Called Strike
1-1: Ball
2-1: Ball
3-1: Called Strike
3-2: Strikes out swinging
Bottom of the 5th over - 0 runs, 2 hits, 0 errors, 2 left on base; San Diego 1 - Toronto 5
TOP OF THE 6TH
San Diego Padres batting - Pitching for Toronto Blue Jays : RHP Robert Stephenson
Batting: RHB Greg Nelson 0-0: Ball
1-0: Ball
2-0: Ball
3-0: Base on Balls
Batting: LHB Jamal Underwood 0-0: Single, Error in OF, E9, batter to second base (Line Drive, 34D, EV 105.6 MPH)
Greg Nelson to third
Batting: SHB Tim McDaniel 0-0: Called Strike
0-1: Foul Ball, location: 2F
0-2: SINGLE (Groundball, 34D, EV 111.3 MPH)
Greg Nelson scores
Jamal Underwood to third
Runner from 3rd tries for Home, SAFE, throw by RF to home
Tim McDaniel to second
Batting: RHB Mike Hollingsworth 0-0: Called Strike
0-1: Ball
1-1: Ball
2-1: Foul Ball, location: 7LSF
2-2: Strikes out looking
Batting: RHB Shawn Grimes 0-0: Called Strike
Tim McDaniel steals 3rd base
0-1: Ball
1-1: Ball
2-1: Called Strike
2-2: Strikes out looking
Batting: LHB Jonathan Arauz 0-0: Fly out, F7 (Flyball, 7S, EV 90.0 MPH)
Top of the 6th over - 2 runs, 2 hits, 1 error, 1 left on base; San Diego 3 - Toronto 5
BOTTOM OF THE 6TH
Toronto Blue Jays batting - Pitching for San Diego Padres : LHP Jake McGee
Pitching: LHP Josh Hader
Batting: LHB Rob Holt 0-0: Ball
1-0: Ball
2-0: Ball
3-0: Called Strike
3-1: SINGLE (Flyball, 8LS, EV 87.5 MPH)
Batting: SHB Yasmani Grandal 0-0: Ball
1-0: Called Strike
1-1: Foul Ball, location: 5DF
1-2: Ball
2-2: Foul Ball, location: 2F
2-2: Foul Ball, location: 7LDF
2-2: Ball
3-2: Grounds into double play, 6-4-3 (Groundball, 6, EV 83.8 MPH)
Batting: LHB Nick Gordon 0-0: Ground out 6-3 (Groundball, 56, EV 108.1 MPH)
Bottom of the 6th over - 0 runs, 1 hit, 0 errors, 0 left on base; San Diego 3 - Toronto 5
TOP OF THE 7TH
San Diego Padres batting - Pitching for Toronto Blue Jays : RHP Robert Stephenson
Batting: RHB Steve Farrar 0-0: Called Strike
0-1: Swinging Strike
0-2: Ball
1-2: Ball
2-2: Foul Ball, location: 5FF
2-2: Strikes out swinging
Batting: RHB Jorge Gordon 0-0: Called Strike
0-1: Called Strike
0-2: Ball
1-2: Strikes out looking
Batting: LHB Jeff Young 0-0: Ball
1-0: Ground out 4-3 (Groundball, 4, EV 110.0 MPH)
Top of the 7th over - 0 runs, 0 hits, 0 errors, 0 left on base; San Diego 3 - Toronto 5
BOTTOM OF THE 7TH
Toronto Blue Jays batting - Pitching for San Diego Padres : LHP Josh Hader
Pitching: RHP Matt Barnes
Batting: LHB António Chávez 0-0: Called Strike
0-1: Ground out 4-3 (Groundball, 4, EV 85.0 MPH)
Batting: LHB Álex Guiñónes 0-0: Fly out, F7 (Flyball, 7D, EV 105.0 MPH)
Batting: RHB Anthony Rendon 0-0: Foul Ball, location: 2F
0-1: Ball
1-1: Called Strike
1-2: Foul Ball, location: 5DF
1-2: Fly out, F6 (Line Drive, 6D, EV 65.0 MPH)
Bottom of the 7th over - 0 runs, 0 hits, 0 errors, 0 left on base; San Diego 3 - Toronto 5
TOP OF THE 8TH
San Diego Padres batting - Pitching for Toronto Blue Jays : RHP Robert Stephenson
Batting: RHB Greg Nelson 0-0: Ground out 5-3 (Groundball, 56S, EV 88.1 MPH)
Batting: LHB Jamal Underwood 0-0: Ball
1-0: Called Strike
1-1: Foul Ball, location: 2F
1-2: Strikes out looking
Batting: SHB Tim McDaniel 0-0: Called Strike
0-1: Called Strike
0-2: Strikes out swinging
Top of the 8th over - 0 runs, 0 hits, 0 errors, 0 left on base; San Diego 3 - Toronto 5
BOTTOM OF THE 8TH
Toronto Blue Jays batting - Pitching for San Diego Padres : RHP Matt Barnes
Batting: LHB Alfredo Salinas 0-0: Fly out, F8 (Flyball, 8RM, EV 90.0 MPH)
Batting: SHB Maake Arnold 0-0: Called Strike
0-1: Ball
1-1: Ball
2-1: Swinging Strike
2-2: Foul Ball, location: 2F
2-2: Foul Ball, location: 9LDF
2-2: SINGLE (Groundball, 5D, EV 101.3 MPH) (infield hit)
Batting: LHB Robbie Miller 0-0: Called Strike
0-1: Ball
1-1: Foul Ball, location: 5DF
1-2: Ball
2-2: Ball
3-2: Fly out, F7 (Flyball, 7, EV 91.9 MPH)
Batting: LHB Rob Holt 0-0: Fly out, F3 (Line Drive, 3L, EV 63.1 MPH)
Bottom of the 8th over - 0 runs, 1 hit, 0 errors, 1 left on base; San Diego 3 - Toronto 5
TOP OF THE 9TH
San Diego Padres batting - Pitching for Toronto Blue Jays : RHP Robert Stephenson
Pitching: RHP Trevor Rosenthal
Batting: RHB Mike Hollingsworth 0-0: Foul Ball, location: 5SF
0-1: Foul Ball, location: 5FF
0-2: Foul Ball, location: 2F
0-2: Ball
1-2: Ball
2-2: SOLO HOME RUN (Line Drive, 7D, EV 100.0 MPH), Distance : 373 ft
Batting: RHB Shawn Grimes 0-0: Foul Ball, location: 2F
0-1: Ball
1-1: Ball
2-1: Foul Ball, location: 2F
2-2: Ball
3-2: Ground out 6-3 (Groundball, 6M, EV 98.1 MPH)
Batting: LHB Jonathan Arauz 0-0: Ball
1-0: Called Strike
1-1: Foul Ball, location: 5F
1-2: Ball
2-2: Strikes out swinging
Batting: RHB Steve Farrar 0-0: Ball
1-0: Ball
2-0: Ground out 4-3 (Groundball, 34, EV 83.8 MPH)
Top of the 9th over - 1 run, 1 hit, 0 errors, 0 left on base; San Diego 4 - Toronto 5
Wednesday, May 28th , 2025 - OOTP Baseball 26.3 Build 55